 Dungeon Crawl Stone Soup version 0.19.0-20-gbc5f0c6 (webtiles) character file.

31 Rrauwl the Digger (level 3, -1/36 HPs)
             Began as a Formicid Earth Elementalist on Nov 18, 2016.
             Slain by a worm (4 damage)
             ... on level 2 of the Dungeon.
             The game lasted 00:09:28 (1195 turns).

Rrauwl the Digger (Formicid Earth Elementalist)     Turns: 1195, Time: 00:09:28

Health: -1/36      AC: 21    Str: 12    XL:     3   Next: 40%
Magic:  1/7        EV:  2    Int: 14    God:
Gold:   67         SH:  0    Dex: 12    Spells: 2 memorised, 5 levels left

rFire  . . .     SeeInvis .     d - +0 dagger
rCold  . . .     Gourm    .     (armour currently unavailable)
rNeg   + + +     Faith    .     (no shield)
rPois  +         Spirit   .     (helmet unavailable)
rElec  .         Reflect  .     (cloak currently unavailable)
rCorr  .         Harm     .     (gloves currently unavailable)
MR     .....                    (boots currently unavailable)
Stlth  ++........               (no amulet)
                                (no ring)
                                (no ring)

@: tree-form
A: permanent stasis, dig shafts and tunnels, four strong arms, (antennae 0)
a: no special abilities


You were on level 2 of the Dungeon.
You were not hungry.
You were a tree.
You visited 1 branch of the dungeon, and saw 2 of its levels.

You collected 67 gold pieces.

Inventory:

Hand Weapons
 d - a +0 dagger (weapon)
Missiles
 b - 74 stones (quivered)
Armour
 g - a +1 cloak (melded)
 j - a +0 robe (melded)
Scrolls
 f - a scroll of identify
Potions
 a - a potion of lignification
Books
 e - a book of Geomancy

   Spells                             Type                      Level
   a - Sandblast                      Earth                        1
   b - Passwall                       Transmutation/Earth          2
   c - Stone Arrow                    Conjuration/Earth            3
   d - Petrify                        Transmutation/Earth          4
   e - Lee's Rapid Deconstruction     Earth                        5
Comestibles
 c - 2 chunks of flesh
 i - 2 meat rations


   Skills:
 + Level 0.0 Short Blades
 - Level 1.7 Dodging
 - Level 2.4 Stealth
 - Level 3.0 Spellcasting
 - Level 1.1 Transmutations
 - Level 4.3 Earth Magic


You had 5 spell levels left.
You knew the following spells:

 Your Spells              Type           Power        Failure   Level  Hunger
a - Sandblast             Erth           ##....       3%          1    #......
b - Passwall              Tmut/Erth      #.........   12%         2    ##.....


Dungeon Overview and Level Annotations

Branches:
Dungeon (2/15)

Altars:


Innate Abilities, Weirdness & Mutations

You are under a permanent stasis effect.
You can dig through walls and to a lower floor.
Your four strong arms can wield two-handed weapons with a shield.
((You have a pair of large antennae on your head. (SInv)))


Message History

You hit the worm but do no damage.
The worm is severely wounded.
You hit the worm.
The worm is almost dead.
The worm bites you but does no damage.
You hit the worm.
The worm is almost dead.
You barely miss the worm.
The worm is almost dead.
The worm bites you but does no damage. x2
You hit the worm.
The worm is almost dead.
The worm bites you but does no damage.
You hit the worm but do no damage.
The worm is almost dead.
The worm bites you but does no damage.
You barely miss the worm.
The worm is almost dead.
The worm bites you.
You die...

#.)......<.........
##.#...............
...#......÷........
.####...............
{ #............... {
#........###.#######
###...####.........#
#...####...w.....#
#......#..♣w.....# {
#....#.#...##...##
.#........###....#
............)#.#....#
####........##.#w...#
#.#......w.......#
#.......#######.##
#.......+ ...#
#.......# ...#


You could see 2 worms.

Vanquished Creatures
  A gnoll (D:1)
  An adder (D:2)
  A leopard gecko (D:1)
  A bat (D:2)
  4 hobgoblins
  2 frilled lizards
  A kobold (D:1)
  2 rats (D:1)
13 creatures vanquished.

Notes
Turn   | Place    | Note
-------+----------+-------------------------------------------
     0 | D:1      | Rrauwl the Formicid Earth Elementalist began the quest for the Orb.
     0 | D:1      | Reached XP level 1. HP: 13/13 MP: 3/3
   550 | D:1      | Reached skill level 4 in Earth Magic
   550 | D:1      | Reached XP level 2. HP: 16/19 MP: 0/5
   910 | D:1      | Learned a level 1 spell: Sandblast
   913 | D:1      | Learned a level 2 spell: Passwall
  1060 | D:2      | Reached XP level 3. HP: 24/24 MP: 5/7
  1183 | D:2      | HP: 1/24 [worm (5)]
  1195 | D:2      | Slain by a worm

Skill      XL: |  1  2  3 |
---------------+----------+-----
Earth Magic    | 4 |  4.3
Spellcasting   | 3 |  3.0
Dodging        | |  1.7
Stealth        | |  2.4
Transmutations | |  1.1

Action                   || total
-------------------------++-------
Melee: Unarmed           ||    29
       Dagger            ||    24
 Cast: Sandblast         ||    27
       Passwall          ||     2
  Use: Scroll            ||     5
       Potion            ||     2
 Stab: Sleeping          ||     2
  Eat: Bread ration      ||     1
Armor: Robe              ||    10
       Skin              ||     5
Dodge: Dodged            ||    27
